 Dungeon Crawl Stone Soup version 0.23.2 (webtiles) character file.

Game seed: 5433941287961143360

202 Borgoz the Sneak (level 5, -14/44 HPs)
             Began as a Ghoul Assassin on Apr 5, 2019.
             Demolished by an ogre
             ... wielding a +0 giant club
              (15 damage)
             ... while paralysed by Grinder
             ... on level 4 of the Dungeon.
             The game lasted 00:03:46 (2768 turns).

Borgoz the Sneak (Ghoul Assassin)                   Turns: 2768, Time: 00:03:46

Health: -14/44     AC: 13    Str: 15    XL:     5   Next: 80%
Magic:  4/4        EV:  2    Int: 11    God:
Gold:   196        SH:  0    Dex: 11    Spells: 4/4 levels left

rFire    . . .     SeeInvis +   a - +2 dagger
rCold    + + .     Gourm    .   (no shield)
rNeg     + + +     Faith    .   s - +2 scale mail {rC+}
rPois    ∞         Spirit   .   (no helmet)
rElec    .         Reflect  .   d - +0 cloak
rCorr    .         Harm     .   u - +0 pair of gloves
MR       .....                  (no boots)
Stlth    +.........             (no amulet)
HPRegen  0.00/turn              h - ring of see invisible
MPRegen  0.09/turn              r - +3 ring of protection

@: paralysed, brilliant, rotting
A: rotting body, claws 1, carnivore, cold resistance 1, negative energy
resistance 3, inhibited regeneration, torment resistance, unbreathing
a: no special abilities


You were on level 4 of the Dungeon.
You were not hungry.

You visited 1 branch of the dungeon, and saw 4 of its levels.

You collected 196 gold pieces.

Inventory:

Hand Weapons
 a - a +2 dagger (weapon)
 b - a +0 blowgun
 j - a +4 short sword of holy wrath
Missiles
 f - 2 curare-tipped needles
Armour
 d - a +0 cloak (worn)
 s - a +2 scale mail of cold resistance (worn)
 u - a +0 pair of gloves (worn)
Jewellery
 h - a ring of see invisible (left hand)
 r - a +3 ring of protection (right hand)
 z - an uncursed ring of wizardry {unknown}
 B - an uncursed ring of stealth {unknown}
Scrolls
 c - 2 scrolls of amnesia {unknown}
 l - a scroll of noise {unknown}
 m - 4 scrolls of identify {unknown}
 n - 5 scrolls of remove curse {unknown}
 w - a scroll of teleportation {unknown}
 y - a scroll of magic mapping {unknown}
 A - a scroll of enchant weapon {unknown}
Potions
 i - a potion of cancellation {unknown}
 k - 2 potions of invisibility {unknown}
 o - a potion of might {unknown}
 p - 3 potions of lignification {unknown}
 q - a potion of haste {unknown}
 t - a potion of brilliance
 v - 2 potions of mutation {unknown}
 x - a potion of curing {unknown}
Comestibles
 g - 7 rations


   Skills:
 + Level 2.9 Fighting
 * Level 3.0 Short Blades
 - Level 1.7 Throwing
 * Level 2.2 Armour
 * Level 2.5 Dodging
 + Level 4.9 Stealth


You had 4 spell levels left.
You didn't know any spells.
Your spell library was empty.

Dungeon Overview and Level Annotations

Branches:
Dungeon (4/15)
 Temple: D:4-7

Altars:
Dithmenos
Fedhas
Gozag
Nemelex Xobeh
Xom

Annotations:
D:2 exclusion: oklob plant
D:4 3 runed translucent doors, Grinder; cklessthan3's ghost, amateur HOFE


Innate Abilities, Weirdness & Mutations

Your body is rotting away.
You thrive on raw meat.
You are immune to poison.
You have sharp fingernails.
You are carnivorous and can eat meat at any time.
Your flesh is cold resistant. (rC+)
You are immune to negative energy. (rN+++)
You do not regenerate when monsters are visible.
You are immune to unholy pain and torment.
You can survive without breathing.


Message History

Firing (i - inventory. (/) - cycle)
e - a poisoned needle (quivered)
Press: ? - help, Shift-Dir - straight line, f/p - ogre
Aim: an ogre, wielding a +0 giant club (moderately wounded)
You shoot a poisoned needle. The poisoned needle hits the ogre.
The ogre is poisoned.
The ogre is moderately wounded.
a - a +2 dagger (weapon)
The worker ant waves its antennae.
The ogre hits you but does no damage.
It was a potion of brilliance.
You feel clever all of a sudden. Grinder gestures at you.
You suddenly lose the ability to move!
The ogre hits you with a +0 giant club! Grinder hits you but does no damage. x2
The ogre hits you with a +0 giant club!
* * * LOW HITPOINT WARNING * * *
Grinder hits you.
* * * LOW HITPOINT WARNING * * *
The ogre hits you with a +0 giant club!
You die...

####......)....##
###........##
#........#
#.......##
#.......#
######......##
......)....#
#####........##
##.8.##.....5@#
#∩...a#.....O.#
#8$.$W+....(..#
#∩.8_Z+.......#
#8$$..+......##
#.....#......#
#.8$##......#
#####.......#
###(...###...#


You could see Grinder and an ogre.

Vanquished Creatures
  A bullfrog (D:3)
  9 adders
  2 oozes
  3 dart slugs
  2 leopard geckos
  An orc (D:3)
  2 ball pythons
  6 bats
  5 giant cockroaches
  5 hobgoblins
  2 frilled lizards
  4 goblins
  A kobold (D:2)
  5 rats
  A fungus (D:2)
  A plant (D:2)
50 creatures vanquished.

Vanquished Creatures (others)
  14 toadstools (D:2)
14 creatures vanquished.

Grand Total: 64 creatures vanquished

Notes
Turn   | Place    | Note
-------+----------+-------------------------------------------
     0 | D:1      | Borgoz the Ghoul Assassin began the quest for the Orb.
     0 | D:1      | Reached XP level 1. HP: 17/17 MP: 0/0
    20 | D:1      | Reached skill level 1 in Dodging
   122 | D:1      | Reached XP level 2. HP: 23/24 MP: 1/1
   758 | D:1      | Reached XP level 3. HP: 26/29 MP: 2/2
   889 | D:2      | Reached skill level 1 in Armour
  1229 | D:2      | Reached XP level 4. HP: 36/37 MP: 3/3
  1240 | D:2      | Found a sparkling altar of Nemelex Xobeh.
  1240 | D:2      | Found a shimmering altar of Xom.
  1318 | D:2      | Found a blossoming altar of Fedhas.
  1328 | D:2      | Noticed an oklob plant
  1820 | D:2      | Found a shadowy altar of Dithmenos.
  2260 | D:3      | Reached XP level 5. HP: 38/42 MP: 4/4
  2697 | D:4      | Found a runed translucent gate.
  2697 | D:4      | Found a runed translucent gate.
  2697 | D:4      | Found a runed translucent gate.
  2704 | D:4      | Found an opulent altar of Gozag.
  2707 | D:4      | Noticed cklessthan3's ghost (amateur HOFE)
  2727 | D:4      | Noticed an ogre
  2729 | D:4      | Noticed Grinder
  2765 | D:4      | Paralysed by Grinder for 7 turns
  2768 | D:4      | HP: 1/44 [Grinder (2)]
  2768 | D:4      | Demolished by an ogre

Skill      XL: |  1  2  3  4  5 |
---------------+----------------+-----
Dodging        | 1 2 |  2.5
Short Blades   | 2 3 |  3.0
Armour         | 1 2 |  2.2
Fighting       | |  2.9
Throwing       | |  1.7
Stealth        | |  4.9

Action                   |  1- 3 |  4- 6 || total
-------------------------+-------+-------++-------
Melee: Dagger            |    91 |   239 ||   330
 Fire: Blowgun           |       |     8 ||     8
  Use: Potion            |       |     1 ||     1
 Stab: Sleeping          |     8 |       ||     8
  Eat: Chunk             |     3 |     3 ||     6
Armor: Robe              |     9 |       ||     9
       Scale mail        |    14 |    90 ||   104
Dodge: Dodged            |    39 |    82 ||   121
